 Dungeon Crawl Stone Soup version 0.28.0-53-g5a82cb258f (webtiles) character file.

Game seed: 8587809742013825801

146 Descartes the Ducker (level 5, -5/33 HPs)
             Began as an Octopode Wanderer on June 12, 2022.
             Was a Believer of Elyvilon.
             Blown up by Ijyb (18 damage)
             ... with a mindburst bolt
             ... on level 4 of the Dungeon.
             The game lasted 00:05:35 (3829 turns).

Descartes the Ducker (Octopode Wanderer)            Turns: 3829, Time: 00:05:36

Health: -5/33      AC:  1    Str:  9    XL:     5   Next: 28%
Magic:  7/7        EV: 13    Int: 14    God:    Elyvilon [**....]
Gold:   92         SH:  8    Dex: 16    Spells: 6/7 levels left

rFire   . . .      SeeInvis .   a - +0 dagger
rCold   . . .      Faith    .   i - +0 kite shield
rNeg    . . .      Spirit   .   d - +0 hat
rPois   .          Reflect  .   (no amulet)
rElec   .          Harm     .   (no ring)
rCorr   .          Rampage  .   (no ring)
Will    .....                   (no ring)
Stlth   +++.......              (no ring)
HPRegen 0.11/turn               (no ring)
MPRegen 0.10/turn               (no ring)
                                (no ring)
                                (no ring)

@: mighty
A: almost no armour, amphibious, 8 rings, camouflage 1, gelatinous body 1,
(nimble swimmer 1), tentacles
a: Renounce Religion, Purification, Heal Other


You were on level 4 of the Dungeon.
You worshipped Elyvilon.
Elyvilon was pleased with you.
You visited 1 branch of the dungeon, and saw 4 of its levels.

You collected 92 gold pieces.

Inventory:

Hand Weapons
 a - a +0 dagger (weapon)
 p - a +2 vampiric dagger
Missiles
 b - 4 throwing nets (quivered)
 h - 58 arrows
 j - 72 stones
 m - 3 poisoned darts
 o - 24 bolts
Armour
 d - a +0 hat (worn)
 i - a +0 kite shield (worn)
Magical Staves
 n - a staff of death
Scrolls
 c - a scroll of teleportation
 f - 4 scrolls of identify {unknown}
 g - a scroll of holy word {unknown}
 k - a scroll of immolation {unknown}
 l - a scroll of noise {unknown}
 r - a scroll of amnesia {unknown}
 t - a scroll of enchant weapon {unknown}
Potions
 e - 2 potions of might
 q - a potion of mutation {unknown}
 s - 2 potions of magic {unknown}
 u - a potion of curing {unknown}


   Skills:
 + Level 1.5 Fighting
 + Level 5.2 Dodging
 + Level 2.2 Stealth
 * Level 2.0 Shields
 + Level 1.6 Spellcasting
 + Level 1.2 Conjurations
 * Level 3.6 Fire Magic
 + Level 1.1 Poison Magic


You had 6 spell levels left.
You knew the following spells:

 Your Spells              Type           Power      Damage    Failure   Level
a - Foxfire               Conj/Fire      32%        2x1d5     30%         1

Your spell library contained the following spells:

 Spells                   Type           Power      Damage    Failure   Level
 Inner Flame              Hex/Fire       6%         N/A       75%         3


Dungeon Overview and Level Annotations

Branches:
Dungeon (4/15)
 Temple: D:4-7

Altars:
Elyvilon

Annotations:
D:4 2 transporters, DildoBatman's ghost, amateur FoCj; Ijyb


Innate Abilities, Weirdness & Mutations

You cannot wear most types of armour.
You are amphibious.
You can wear up to eight rings at the same time.
Your skin changes colour to match your surroundings (Stealth+).
Your rubbery body absorbs attacks. (AC +1, EV +1)
((You are camouflaged when in or above water. (Stealth+)))
You have tentacles for arms and can constrict up to eight enemies at once.


Message History

Found a black potion.
Ijyb shouts!
You barely miss Ijyb. You grab Ijyb. You constrict Ijyb, but do no damage.
Ijyb zaps a wand.
Your mind is blasted!
Ouch! That really hurt!
You are too injured to fight recklessly!
You are too injured to fight recklessly!
You are too injured to fight recklessly!
You are too injured to fight recklessly!
You are too injured to fight recklessly!
You are too injured to fight recklessly!
You are too injured to fight recklessly!
You are too injured to fight recklessly!
You are too injured to fight recklessly!
You are too injured to fight recklessly!
You are too injured to fight recklessly!
You are too injured to fight recklessly!
You are too injured to fight recklessly!
You are too injured to fight recklessly!
You are too injured to fight recklessly!
You are too injured to fight recklessly!
Unknown command.
It was a potion of might.
You feel very mighty all of a sudden.
You constrict Ijyb. Ijyb closely misses you.
Okay, then.
You hit Ijyb but do no damage. You squeeze Ijyb!
Ijyb is heavily wounded.
You constrict Ijyb, but do no damage. You block Ijyb's attack.
You hit Ijyb but do no damage.
Ijyb is heavily wounded.
You constrict Ijyb. You block Ijyb's attack.
You hit Ijyb but do no damage.
Ijyb is heavily wounded.
You constrict Ijyb, but do no damage. Ijyb barely misses you.
You hit Ijyb.
Ijyb is severely wounded.
You constrict Ijyb, but do no damage.
Ijyb zaps a wand.
Your mind is blasted!
Ouch! That really hurt!
You die...

.###..# #.....#
..(...# #.....#
#####'########.....#
...................#
####...........##.##
#..............#
#....########..#
#..............#
#.....######.@.#
#............g.#
#......####!..[#
#....... ......#
#.......##....##
...... ###.... .....


You could see Ijyb.

Vanquished Creatures
  Terence (D:2)
  5 adders
  2 dart slugs
  4 orcs (D:3)
  7 ball pythons
  9 endoplasms
  5 giant cockroaches
  5 goblins
  3 hobgoblins
  5 jackals
  4 kobolds
  A quokka (D:3)
  10 bats
  3 rats (D:1)
64 creatures vanquished.

Vanquished Creatures (others)
  18 foxfires
  4 plants (D:4)
22 creatures vanquished.

Grand Total: 86 creatures vanquished

Notes
Turn   | Place    | Note
-------+----------+-------------------------------------------
     0 | D:1      | Descartes the Octopode Wanderer began the quest for the
                  | Orb.
     0 | D:1      | Descartes set off with the following items: a +0 dagger, 4
                  | throwing nets, a scroll of teleportation, a +0 hat; and the
                  | following spell memorised: Foxfire; and the following
                  | spells available to memorise: Inner Flame
     0 | D:1      | Reached XP level 1. HP: 13/13 MP: 2/2
   226 | D:1      | Reached XP level 2. HP: 16/18 MP: 0/3
   673 | D:1      | Reached skill level 1 in Stealth
   943 | D:2      | Found a faded altar of an unknown god.
   946 | D:2      | Prayed at the altar of an unknown god.
   946 | D:2      | Became a worshipper of Elyvilon the Healer
   946 | D:2      | Reached * piety under Elyvilon
  1045 | D:2      | Reached skill level 1 in Shields
  1045 | D:2      | Reached XP level 3. HP: 7/23 MP: 2/4
  1473 | D:2      | Reached XP level 4. HP: 28/28 MP: 0/6
  1907 | D:2      | Noticed Terence
  1924 | D:2      | Killed Terence
  1925 | D:2      | Reached skill level 1 in Conjurations
  1925 | D:2      | Reached skill level 1 in Poison Magic
  2545 | D:3      | Reached ** piety under Elyvilon
  2670 | D:3      | Reached XP level 5. HP: 31/33 MP: 7/7
  3545 | D:4      | Found a transporter.
  3575 | D:4      | Noticed DildoBatman's ghost (amateur FoCj)
  3763 | D:4      | Found a transporter.
  3820 | D:4      | Noticed Ijyb
  3829 | D:4      | Blown up by Ijyb

Illustrated notes

Levels and vault maps discovered:
D:1:      eino_arrival_cavern_e, layout_loops_cross
D:2:      layout_basic, nicolae_ecumenical_oubliette, uniq_terence
D:3:      kb_forest_paths, layout_basic
D:4:      layout_basic, gammafunk_ghost_gnarly_gnolls,
          minmay_misc_feat_more_columns, uniq_ijyb

Skill      XL: |  1  2  3  4  5 |
---------------+----------------+-----
Stealth        | 1 2 |  2.2
Shields        | 1 2 |  2.0
Conjurations   | 1 |  1.2
Poison Magic   | 1 |  1.1
Fighting       | |  1.5
Dodging        | |  5.2
Spellcasting   | |  1.6
Fire Magic     | |  3.6

Action                   |  1- 3 |  4- 6 || total
-------------------------+-------+-------++-------
Melee: Dagger            |    50 |    98 ||   148
       Tentacles         |    18 |    26 ||    44
       Constrict         |    19 |    20 ||    39
       Punch             |     3 |     1 ||     4
 Cast: Foxfire           |    10 |     1 ||    11
  Use: Potion            |       |     1 ||     1
 Stab: Sleeping          |     4 |    12 ||    16
Armor: Skin              |     6 |     7 ||    13
Dodge: Dodged            |    38 |    47 ||    85
Block: Kite shield       |     7 |    30 ||    37
